[Event "*** Titled Tuesday Blitz"]
[Site "Chess.com"]
[Date "2020.10.20"]
[Round "9"]
[White "TheCastleHunter"]
[Black "Omk124"]
[Result "1-0"]
[WhiteElo "2377"]
[BlackElo "2478"]
[TimeControl "180+1"]
[EndTime "11:47:16 PDT"]
[Termination "TheCastleHunter won by resignation"]

1. e4 g6 2. Nf3 Bg7 3. d4 c6 4. c4 d5 5. cxd5 cxd5 6. e5 Nc6 7. Nc3 Bg4 8. Be3 Qb6 9. Qd2 Bxf3 10. gxf3 e6 11.
Na4 Qc7 12. Nc5 Nge7 13. Bd3 O-O 14. O-O b6 15. Nb3 Qd7 16. Bh6 Rfc8 17. Bxg7 Kxg7 18. a3 a6 19. Rac1 Qb7 20. Qg5 a5 21.
Qf6+ Kg8 22. Qf4 a4 23. Nd2 b5 24. Rc5 b4 25. Rb5 Qa7 26. axb4 Nxd4 27. Ra5 Qb6 28.
Rxa8 Rxa8 29. b5 Nxb5 30. Qb4 Qa5 31. Qxe7 Qxd2 32. Bxb5 Qxb2 33. Bxa4 Rxa4 34. Qe8+ Kg7 35. Qxa4 Qxe5 36. Qc2 Qg5+ 37. Kh1 Qf4 38. Qd3 h5 39.
Qe3 Qf5 40. f4 Qg4 41. Rg1 Qh4 42. Qe5+ Kh7 43. Rg2 Qh3 44. Qf6 Kg8 45. Qg5 Qf3 46.
Qg3 Qd1+ 47. Rg1 Qc2 48. Qe3 Qf5 49. Qe5 Qd3 50. Qe3 Qc2 51. Ra1 Kh7 52. Ra7 Qd1+ 53. Kg2 Qg4+ 54. Qg3 Qf5 55. Qg5 Qe4+ 56. Kg3 Qd3+ 57.
f3 Kg7 58. Qe5+ Kh7 59. Rxf7+ 1-0

[Event "*** Titled Tuesday Blitz"]
[Site "Chess.com"]
[Date "2020.10.20"]
[Round "9"]
[White "Savagelittlemole"]
[Black "infinitegiantkiller"]
[Result "0-1"]
[WhiteElo "2606"]
[BlackElo "2394"]
[TimeControl "180+1"]
[EndTime "11:47:17 PDT"]
[Termination "infinitegiantkiller won by checkmate"]

1. e4 e6 2. d4 d5 3. Nd2 c5 4. Ngf3 Nf6 5. e5 Nfd7 6. c3 Nc6 7. Bd3 Qb6 8. O-O cxd4 9. cxd4 Nxd4 10. Nxd4 Qxd4 11. Nb3 Qxe5 12. Re1 Qd6 13. Qg4 Nf6 14. Qf3 Be7 15. Bf4 Qb6 16. Be3 Qd8 17. Qg3 O-O 18.
Bh6 Ne8 19. Rac1 Bf6 20. Bf4 g6 21. Nd2 Bd7 22. Nf3 Rc8 23. Ne5 Bc6 24. Ng4 Bxb2 25.
Nh6+ Kh8 26. Be5+ Bxe5 27. Qxe5+ Qf6 28. Qg3 Ng7 29. Re3 Nf5 30. Bxf5 gxf5 31. Qh3 d4 32. Rg3 Be4 33. Rf1 d3 34. Qh5 d2 35. h4 Rc1 36. Rg5 Rxf1+ 37. Kxf1 Qa1+ 38. Ke2 Qe1# 0-1

[Event "*** Titled Tuesday Blitz"]
[Site "Chess.com"]
[Date "2020.10.20"]
[Round "9"]
[White "Fins0905"]
[Black "Oglob71"]
[Result "1/2-1/2"]
[WhiteElo "2623"]
[BlackElo "2452"]
[TimeControl "180+1"]
[EndTime "11:47:17 PDT"]
[Termination "Game drawn - insufficient material"]

1. d4 Nf6 2. Nf3 e6 3. Bg5 d5 4. e3 Be7 5. Bd3 b6 6. Nbd2 Bb7 7. O-O Nbd7 8. h3 Ne4 9. Bf4 f5 10. c4 O-O 11. cxd5 exd5 12. Rc1 c6 13. a3 a5 14.
Qc2 Rf6 15. Ne5 Nxe5 16. Bxe5 Re6 17. f3 Nxd2 18. Qxd2 g6 19. e4 fxe4 20. fxe4 Bg5 21. Bf4 Bxf4 22. Qxf4 Qe7 23. exd5 Rd6 24. Rce1 Qd7 25.
dxc6 Bxc6 26. Qe5 Bd5 27. Bb5 Qd8 28. Be8 Ra7 29. Rf8+ Kxf8 30. Qh8+ Bg8 31. Rf1+ Kxe8 32. Qxg8+ Kd7 33. Rf7+ Kc8 34. Qxd8+ Kxd8 35. Rxa7 Rxd4 36.
Rxh7 Rd2 37. Rg7 Rxb2 38. Rxg6 Ke7 39. h4 b5 40. h5 b4 41. axb4 Rxb4 42. g3 a4 43. Kg2 Rb5 44. g4 Ra5 45. Rb6 a3 46. Rb1 a2 47. Ra1 Kf6 48. Kg3 Kg5 49. Kf3 Ra3+ 50.
Ke4 Kxg4 51. h6 Ra7 52. Rg1+ Kh5 53. Rh1+ Kg6 54. Ra1 Kxh6 55. Kd4 Kg5 56. Kc3 Kf4 57. Kb3 Ke4 58. Rxa2 Rc7 59. Rc2 Rxc2 60. Kxc2 1/2-1/2

[Event "*** Titled Tuesday Blitz"]
[Site "Chess.com"]
[Date "2020.10.20"]
[Round "9"]
[White "Morshynska"]
[Black "Pertinhez76"]
[Result "0-1"]
[WhiteElo "2213"]
[BlackElo "2146"]
[TimeControl "180+1"]
[EndTime "11:47:19 PDT"]
[Termination "Pertinhez76 won on time"]

1. Nf3 Nf6 2. g3 c5 3. Bg2 Nc6 4. d4 cxd4 5. Nxd4 g6 6. O-O Bg7 7.
c4 O-O 8. Nc3 a6 9. b3 Qc7 10. Bb2 d6 11. Rc1 Qb8 12. Nxc6 bxc6 13.
Bxc6 Bb7 14. Bxb7 Qxb7 15. Qd2 Rac8 16. Rc2 Rc5 17. f3 Rfc8 18. e4 h5 19. Nd5 Ne8 20. Bxg7 Nxg7 21. Qh6 Re8 22. h4 Qd7 23. Kg2 Qd8 24.
g4 e6 25. Ne3 Qxh4 26. Rh1 Qg5 27. Qxg5 Rxg5 28. f4 Rc5 29. g5 Rb8 30. Rd2 a5 31.
Rxd6 a4 32. Rd3 axb3 33. axb3 e5 34. f5 Rc6 35. Rhd1 Rcb6 36. Rd8+ Kh7 37. Rxb8 Rxb8 38.
Rd3 Ra8 39. Kf3 Ra2 40. f6 Ne6 41. Rd7 Nxg5+ 42. Kg3 Nxe4+ 43. Kh3 Ng5+ 44. Kg3 Ne4+ 45. Kh3 Kh6 46. Nd5 g5 0-1

[Event "*** Titled Tuesday Blitz"]
[Site "Chess.com"]
[Date "2020.10.20"]
[Round "9"]
[White "xamax2000"]
[Black "Zhani-Z"]
[Result "1-0"]
[WhiteElo "2676"]
[BlackElo "2532"]
[TimeControl "180+1"]
[EndTime "11:47:20 PDT"]
[Termination "xamax2000 won on time"]

1. d4 Nf6 2. c4 e6 3. Nf3 d5 4. Nc3 a6 5. cxd5 exd5 6. Bg5 Be6 7. Bxf6 Qxf6 8. Qb3 Ra7 9. g3 Qd8 10. h4 c6 11. Bh3 Bxh3 12. Rxh3 Nd7 13. h5 Be7 14.
O-O-O O-O 15. g4 b5 16. Kb1 a5 17. Qc2 a4 18. Rc1 Qa5 19. Nd1 c5 20. Ne3 b4 21.
Nxd5 Bd8 22. dxc5 b3 23. Qc3 Qb5 24. Nd4 Qa6 25. a3 Nf6 26. Nb4 Qc8 27. f3 Re8 28. e4 Rae7 29. Nf5 Re5 30. h6 g6 31. Nd6 Qb8 32. Nxe8 Rxe8 33. c6 Bc7 34. Qxf6 Be5 35. c7 Qb5 36. Qc6 1-0

[Event "*** Titled Tuesday Blitz"]
[Site "Chess.com"]
[Date "2020.10.20"]
[Round "9"]
[White "vinniethepooh"]
[Black "Smile2005"]
[Result "1-0"]
[WhiteElo "2561"]
[BlackElo "2360"]
[TimeControl "180+1"]
[EndTime "11:47:20 PDT"]
[Termination "vinniethepooh won by resignation"]

1. d4 Nf6 2. c4 g6 3. Nc3 Bg7 4. e4 O-O 5. Be2 d6 6. Be3 e5 7. d5 a5 8. g4 Nfd7 9. g5 Nc5 10. h4 f5 11. gxf6 Bxf6 12. h5 Bg5 13. Qd2 Bxe3 14.
Qxe3 Qf6 15. hxg6 hxg6 16. Qh6 Qg7 17. Qg5 Qf6 18. Qh6 Qg7 19. Qh2 Nba6 20. O-O-O Bd7 21.
Nf3 Bg4 22. Rdg1 Bxf3 23. Bxf3 Nd3+ 24. Kd2 Nf4 25. Ne2 Nc5 26. Nxf4 exf4 27. Rxg6 Qxg6 28.
Qh8+ Kf7 29. Rh7+ Ke8 30. Bh5 Nxe4+ 31. Kc2 Rxh8 32. Bxg6+ Kf8 33. Rxh8+ Kg7 34. Rxa8 Kxg6 35. f3 Nc5 36. Rxa5 Kf5 37. b4 Nd7 38. Ra7 Nb6 39. Kc3 Ke5 40. Rxb7 1-0

[Event "*** Titled Tuesday Blitz"]
[Site "Chess.com"]
[Date "2020.10.20"]
[Round "9"]
[White "akanga001"]
[Black "nitpicker"]
[Result "1-0"]
[WhiteElo "1901"]
[BlackElo "2273"]
[TimeControl "180+1"]
[EndTime "11:47:22 PDT"]
[Termination "akanga001 won by checkmate"]

1. d4 Nf6 2. c4 e6 3. g3 d5 4. Bg2 Bb4+ 5. Bd2 Be7 6. Nf3 O-O 7. O-O c6 8. Qc2 b6 9. b3 Ba6 10. Bg5 Nbd7 11. Nbd2 Rc8 12. e3 c5 13. dxc5 Nxc5 14. Rac1 dxc4 15. Nxc4 Qd3 16. Rfd1 Qxc2 17. Rxc2 Nce4 18.
Bxf6 Nxf6 19. Rdc1 Rfd8 20. Nd4 Nd5 21. Ne5 Rxc2 22.
Rxc2 Nb4 23. Rc1 Nxa2 24. Ra1 Nb4 25. Ndc6 Bf6 26. Nxb4 Bb5 27. f4 a5 28. Nc2 Rd2 29. Nd4 Ba6 30. Rc1 Bxe5 31. fxe5 Rd3 32. Rc6 Rxe3 33.
Rxb6 Bc8 34. Rb8 Rc3 35. Nc6 Kf8 36. Rxc8# 1-0

[Event "*** Titled Tuesday Blitz"]
[Site "Chess.com"]
[Date "2020.10.20"]
[Round "9"]
[White "mjray79"]
[Black "tlomigtlis"]
[Result "0-1"]
[WhiteElo "2403"]
[BlackElo "2568"]
[TimeControl "180+1"]
[EndTime "11:47:25 PDT"]
[Termination "tlomigtlis won by resignation"]

1. d4 d5 2. c4 c6 3. Nf3 Nf6 4. Nc3 e6 5. e3 a6 6. b3 Bb4 7. Bd2 Nbd7 8. Bd3 O-O 9. O-O Bd6 10. e4 dxe4 11. Nxe4 Nxe4 12. Bxe4 h6 13. Qc2 Nf6 14. Bd3 Qc7 15. h3 c5 16. dxc5 Bxc5 17. Bc3 Nd7 18. b4 Ba7 19. Rad1 b6 20. Be4 Bb7 21.
Nd4 Bxe4 22. Qxe4 Qxc4 23. Ba1 Qxb4 24. Qf3 Nf6 25. Nc6 Qe4 26. Qxe4 Nxe4 27. Rd7 Bb8 28. Rb1 b5 29. Re1 Nc5 30. Rd2 Bf4 31.
Rc2 Nd7 32. Rd1 Nb6 33. g3 Bg5 34. h4 Bf6 35. Bxf6 gxf6 36. Rd4 f5 37. g4 fxg4 38. Rxg4+ Kh7 39. Kh2 Rg8 40. Rf4 f5 41. Re2 Nd5 42. Rf3 Rae8 43. Nd4 Rg4 44. Nxf5 Nf4 45. Re4 Rf8 46.
Ne3 Rxh4+ 47. Kg1 Rg8+ 48. Rg3 Rxg3+ 49. fxg3 Nh3+ 0-1

[Event "*** Titled Tuesday Blitz"]
[Site "Chess.com"]
[Date "2020.10.20"]
[Round "9"]
[White "Oleksandr_Bortnyk"]
[Black "1977Ivan"]
[Result "1-0"]
[WhiteElo "2883"]
[BlackElo "2686"]
[TimeControl "180+1"]
[EndTime "11:47:27 PDT"]
[Termination "Oleksandr_Bortnyk won by resignation"]

1. d4 Nf6 2. Nc3 d5 3. Bf4 e6 4.
Nb5 Bb4+ 5. c3 Ba5 6. a4 a6 7. Na3 c6 8. Nf3 O-O 9. e3 Nbd7 10. Bd3 Bc7 11. O-O Re8 12. Ne5 Nxe5 13. Bxe5 Bxe5 14. dxe5 Nd7 15. f4 f6 16. Qh5 g6 17. Bxg6 hxg6 18. Qxg6+ Kf8 19. Qh6+ Kf7 20. Qh7+ Kf8 21. Rf3 Qe7 22. Qh8+ Kf7 23. Qh5+ Kf8 24. Rg3 Qf7 25. Qh6+ Ke7 26. Rg7 Rf8 27. Rf1 b6 28. Nc2 c5 29.
e4 dxe4 30. Ne3 Qxg7 31. Qxg7+ Rf7 32. exf6+ Nxf6 33. Qg5 Bb7 34. Rd1 Rg8 35. Qe5 Ng4 36. Nxg4 Rxg4 37. f5 e3 38. Qxe6+ Kf8 39. Rd8+ Kg7 40.
f6+ Rxf6 41. Qxg4+ 1-0

[Event "*** Titled Tuesday Blitz"]
[Site "Chess.com"]
[Date "2020.10.20"]
[Round "9"]
[White "Egorov_Pavel"]
[Black "juancruzarias"]
[Result "0-1"]
[WhiteElo "2396"]
[BlackElo "2538"]
[TimeControl "180+1"]
[EndTime "11:47:28 PDT"]
[Termination "juancruzarias won on time"]

1. d4 Nf6 2. c4 e6 3. Nc3 Bb4 4.
e3 b6 5. Nf3 Bxc3+ 6. bxc3 Bb7 7.
Bd3 O-O 8. O-O d6 9. Re1 Nbd7 10. e4 e5 11. Nd2 Qe7 12. f3 Nh5 13. g3 c5 14. d5 g6 15. Nf1 Ng7 16. Bh6 f5 17. a4 f4 18. g4 Qh4 19. Bxg7 Kxg7 20. Re2 h5 21. Rg2 Rh8 22. g5 Nf8 23. Qe1 Qxe1 24. Rxe1 Nd7 25. h4 Rhb8 26. Ra2 Kf8 27. a5 bxa5 28.
Rxa5 Ke7 29. Rea1 a6 30. Nd2 Kd8 31. Bc2 Nb6 32. Rb1 Bc8 33. Ra2 Kc7 34. Rba1 Ra7 35.
Kf2 Rba8 36. Ke2 a5 37. Ba4 Nxa4 38. Rxa4 Bd7 39. R4a3 a4 40. Kd3 Rb8 41. Kc2 Rab7 42. R1a2 Kb6 43. Ra1 Ka6 44. R3a2 Rb6 45. Rg1 Kb7 46. Rb1 Kc7 47. Rxb6 Rxb6 48. Rb2 Ra6 49. Nb1 Bh3 50. Kd2 Bf1 51. Na3 Rb6 52. Rxb6 Kxb6 53. Ke1 Bd3 54. Kd2 Bf1 55. Ke1 Bh3 56. Kf2 Bd7 57.
Ke2 Ka5 58. Kf2 Bc8 59. Ke2 Ba6 60. Kd3 Kb6 61. Kd2 Kc7 62. Kd3 Kd8 63. Kd2 Ke7 64. Kc2 Bc8 65. Kb2 Bg4 66. fxg4 hxg4 67. Nc2 f3 68.
Ne3 g3 69. Nf1 g2 0-1

[Event "*** Titled Tuesday Blitz"]
[Site "Chess.com"]
[Date "2020.10.20"]
[Round "9"]
[White "MVM2008"]
[Black "ShcufNaiRolf"]
[Result "0-1"]
[WhiteElo "2151"]
[BlackElo "2320"]
[TimeControl "180+1"]
[EndTime "11:47:28 PDT"]
[Termination "ShcufNaiRolf won by resignation"]

1. e4 e5 2. Nf3 Nc6 3. Bc4 Nf6 4.
O-O Nxe4 5. Nc3 Be7 6. Re1 Nxc3 7. bxc3 d5 8. Bb5 e4 9. Ne5 Bd7 10. Nxd7 Qxd7 11. d3 f5 12. f3 O-O-O 13. dxe4 fxe4 14. Be3 exf3 15. Qxf3 Rhf8 16. Qe2 Bf6 17. Rab1 Bxc3 18.
Bxa7 Bxe1 19. Qxe1 Qd6 20. Bf2 Rde8 21. Qd1 Rxf2 22. Kxf2 Qc5+ 23. Kg3 Re3+ 24. Kf2 Rd3+ 25. Ke2 Rxd1 26. Kxd1 Qd4+ 27. Kc1 Ne5 28. Be2 Nc4 29. Bg4+ Kd8 30. Rb3 Qxg4 0-1

[Event "*** Titled Tuesday Blitz"]
[Site "Chess.com"]
[Date "2020.10.20"]
[Round "9"]
[White "Quiet_Desperation"]
[Black "ChelsieMonica"]
[Result "0-1"]
[WhiteElo "1854"]
[BlackElo "2359"]
[TimeControl "180+1"]
[EndTime "11:47:31 PDT"]
[Termination "ChelsieMonica won by resignation"]

1. e4 e5 2. Nf3 Nc6 3. Bb5 a6 4. Ba4 Nf6 5. O-O b5 6. Bb3 Be7 7. d3 O-O 8. a4 bxa4 9. Rxa4 d6 10. h3 Be6 11. Bxe6 fxe6 12. c3 Qd7 13. Ra1 d5 14.
Qe2 a5 15. exd5 Qxd5 16. c4 Qd7 17. Nxe5 Nxe5 18. Qxe5 Bd6 19. Qe2 e5 20. Bg5 h6 21.
Bxf6 Rxf6 22. Nc3 Rg6 23. Kh1 Rf8 24. Ne4 Rf4 25. Rxa5 Rh4 26. Qf3 Rf4 27. Qh5 Kh7 28. Ra8 Qc6 29. Rh8+ Kxh8 30. Qxg6 Qb6 31. Ra1 Rf8 32.
Nxd6 cxd6 33. Rf1 Rf6 34. Qe8+ Kh7 35. Qb5 Qd4 36. Qb3 Rxf2 37. Rxf2 Qxf2 38. Qc3 Qf1+ 39. Kh2 Qf4+ 40. Kh1 Qf1+ 41. Kh2 Qf5 42. Kg1 Qf4 43.
b4 Qe3+ 44. Kf1 e4 45. b5 exd3 46. Qb2 d2 47. Qc2+ Kg8 48. Qd1 Qd3+ 49. Kf2 Qd4+ 50. Kg3 Qe3+ 51. Kh2 Qe5+ 52. Kg1 Qe1+ 0-1

[Event "*** Titled Tuesday Blitz"]
[Site "Chess.com"]
[Date "2020.10.20"]
[Round "9"]
[White "Grieve72"]
[Black "Matols"]
[Result "1-0"]
[WhiteElo "2433"]
[BlackElo "2261"]
[TimeControl "180+1"]
[EndTime "11:47:32 PDT"]
[Termination "Grieve72 won on time"]

1. d4 Nf6 2. Bg5 Ne4 3. Bf4 d5 4. e3 e6 5. Bd3 Bd6 6. Ne2 Nd7 7.
O-O e5 8. dxe5 Nxe5 9. Bxe4 dxe4 10. Nbc3 f5 11. Nb5 Be6 12. Nxd6+ cxd6 13. Nd4 Bd7 14.
Qh5+ g6 15. Qh6 Qe7 16. Bg5 Qf7 17. h3 Rc8 18. Rad1 Qf8 19. Qh4 h6 20. Bf6 Rh7 21.
Bxe5 dxe5 22. Nb3 Rxc2 23. Rd5 Re7 24. Rfd1 Rc8 25. Nc5 Bc6 26. Rd6 Rg7 27. Ne6 Qe7 28.
Nxg7+ Qxg7 29. Rd8+ 1-0

[Event "*** Titled Tuesday Blitz"]
[Site "Chess.com"]
[Date "2020.10.20"]
[Round "9"]
[White "GMaka"]
[Black "Mr_Sinigami"]
[Result "1-0"]
[WhiteElo "2382"]
[BlackElo "2491"]
[TimeControl "180+1"]
[EndTime "11:47:33 PDT"]
[Termination "GMaka won on time"]

1. d4 Nf6 2. Bg5 c5 3. Bxf6 gxf6 4. d5 Qb6 5. Qc1 d6 6. c3 h5 7. h4 Bf5 8. Na3 Nd7 9. e3 Ne5 10. Nc4 Qc7 11. Nxe5 fxe5 12. Bb5+ Kd8 13. Ne2 a6 14. Ba4 b5 15. Bc2 Bg4 16. Ng3 Qc8 17. a4 Bh6 18.
Bd1 f5 19. f3 f4 20. fxg4 fxg3 21. g5 Bg7 22. e4 Rf8 23. Rf1 Rxf1+ 24. Kxf1 Kc7 25. axb5 axb5 26. Rxa8 Qxa8 27. Bxh5 Qa2 28. Be2 Kb6 29. h5 Qa4 30. Qb1 Qa8 31. h6 Bh8 32.
Qd3 c4 33. Qxg3 Qa1+ 34. Qe1 Qxb2 35. g6 b4 36. g7 Bxg7 37. hxg7 bxc3 38. g8=Q 1-0

[Event "*** Titled Tuesday Blitz"]
[Site "Chess.com"]
[Date "2020.10.20"]
[Round "9"]
[White "poppy73"]
[Black "profofchess"]
[Result "0-1"]
[WhiteElo "2226"]
[BlackElo "2356"]
[TimeControl "180+1"]
[EndTime "11:47:33 PDT"]
[Termination "profofchess won by checkmate"]

1. e4 e6 2. d4 d5 3. Nc3 Bb4 4. e5 c5 5. Bd2 Nh6 6. Nb5 Bxd2+ 7.
Qxd2 O-O 8. dxc5 b6 9. c4 bxc5 10. cxd5 exd5 11. O-O-O Be6 12. f4 Nc6 13. Nf3 Qb6 14.
h3 Nf5 15. Nc3 d4 16. Na4 Qc7 17. g4 Ng3 18. Rg1 Nxf1 19. Rgxf1 Bxa2 20. f5 f6 21. e6 Na5 22. Qd3 Nb3+ 23. Kc2 c4 24. Qe4 d3+ 25. Kc3 Rfc8 26. Qd5 Rab8 27. e7+ Kh8 28. Rfe1 Re8 29. Nh4 Rxe7 30. Rxe7 Qxe7 31. g5 Qb4# 0-1

[Event "*** Titled Tuesday Blitz"]
[Site "Chess.com"]
[Date "2020.10.20"]
[Round "9"]
[White "Jospem"]
[Black "Hikaru"]
[Result "0-1"]
[WhiteElo "2963"]
[BlackElo "3225"]
[TimeControl "180+1"]
[EndTime "11:47:34 PDT"]
[Termination "Hikaru won on time"]

1. e4 e5 2. Nf3 Nc6 3. Bb5 Nf6 4. d3 Bc5 5. c3 d5 6. Nbd2 O-O 7. O-O dxe4 8.
dxe4 a5 9. a3 Qe7 10. Rb1 Rd8 11. Qc2 Na7 12. Be2 Bg4 13. b4 axb4 14. axb4 Bd6 15.
Nc4 Nc8 16. Ne3 Be6 17. Bc4 Bxc4 18. Nxc4 Qe6 19. Ne3 b5 20. c4 bxc4 21. Nxc4 Nb6 22. Na5 Rdc8 23. Be3 Bxb4 24. Nc6 Bd6 25. Rfc1 Nfd7 26.
h3 h6 27. Nh4 Ra2 28. Qd3 Ra3 29. Qe2 Rca8 30. Nf5 Bf8 31. Qg4 Kh7 32. Bxb6 cxb6 33. Nb4 Nf6 34. Qe2 R8a4 35. Rc6 Rxb4 36. Rxe6 Rxb1+ 37. Kh2 fxe6 38. Ng3 Bc5 39. Qd2 Bd4 40. Qc2 Raa1 41. Qc8 Bxf2 42. Qxe6 Bg1+ 43. Kh1 Be3+ 44. Kh2 Bf4 45. Qf5+ Kh8 46. Qc8+ Ng8 0-1

[Event "*** Titled Tuesday Blitz"]
[Site "Chess.com"]
[Date "2020.10.20"]
[Round "9"]
[White "Carnivoras"]
[Black "chesstrainer2042"]
[Result "1-0"]
[WhiteElo "2639"]
[BlackElo "2467"]
[TimeControl "180+1"]
[EndTime "11:47:36 PDT"]
[Termination "Carnivoras won by resignation"]

1. d4 d5 2. c4 c6 3. Nf3 Nf6 4. Nc3 e6 5. e3 Nbd7 6. Qc2 Bd6 7. b3 O-O 8. Bb2 e5 9. cxd5 cxd5 10. dxe5 Nxe5 11.
Be2 Bg4 12. Nxe5 Bxe5 13. Bxg4 Nxg4 14. h3 Nf6 15. O-O Rc8 16. Qd3 Qa5 17. Rac1 Rfd8 18. a3 d4 19. exd4 Bxd4 20. b4 Qe5 21. Qf3 Rd7 22. Ne4 Re8 23. Bxd4 Rxd4 24. Nxf6+ Qxf6 25. Qxb7 h5 26. Qxa7 Rd2 27. Rc3 Ree2 28. Rf3 Qg5 29. Qxf7+ Kh7 30. Rf5 Qh6 31. Rxh5 1-0

[Event "*** Titled Tuesday Blitz"]
[Site "Chess.com"]
[Date "2020.10.20"]
[Round "9"]
[White "HanSchut"]
[Black "Nara_Kh"]
[Result "0-1"]
[WhiteElo "2256"]
[BlackElo "2381"]
[TimeControl "180+1"]
[EndTime "11:47:36 PDT"]
[Termination "Nara_Kh won by checkmate"]

1. e4 c5 2. Nf3 d6 3. d4 Nf6 4.
dxc5 Nxe4 5. cxd6 Nc6 6. Bf4 Qb6 7. Be3 Qxb2 8. Nbd2 Nb4 9. Bb5+ Bd7 10. Bxd7+ Kxd7 11. O-O Nc3 12. Ne5+ Kd8 13. Nxf7+ Ke8 14. d7+ Kxf7 15. Qf3+ Kg8 16. Qxb7 Rd8 17. Nc4 Qxc2 18. Qxb4 e6 19. Bc5 Bxc5 20. Qxc5 h6 21. Qe7 Kh7 22. Qxe6 Rhf8 23. Rac1 Ne2+ 24. Kh1 Nxc1 25. Ne5 Rxf2 26. Rxf2 Qxf2 27. Qg6+ Kg8 28. Qe6+ Kh7 29. h3 Ne2 30. Qg6+ Kh8 31. Nf7+ Kg8 32. Nxd8 Qg1# 0-1

[Event "*** Titled Tuesday Blitz"]
[Site "Chess.com"]
[Date "2020.10.20"]
[Round "9"]
[White "Ty3oB"]
[Black "CM_rui"]
[Result "1-0"]
[WhiteElo "2266"]
[BlackElo "2344"]
[TimeControl "180+1"]
[EndTime "11:47:37 PDT"]
[Termination "Ty3oB won by resignation"]

1. e4 e5 2. Nf3 Nc6 3. d4 exd4 4. Nxd4 Bc5 5. Be3 Qf6 6. c3 Nge7 7. Bc4 O-O 8. O-O Ne5 9. Be2 Qg6 10. Nd2 d5 11.
f4 N5c6 12. Bh5 Qh6 13. Qf3 dxe4 14. Nxe4 Bb6 15. f5 Ne5 16. Qh3 Bxd4 17. cxd4 Qc6 18. Ng5 h6 19. dxe5 hxg5 20. Bxg5 Qc5+ 21. Kh1 Nxf5 22. Rxf5 g6 23. Bxg6 fxg6 24. Rxf8+ Qxf8 25. Qb3+ Kh7 26. Bf6 b6 27. Qf3 Bf5 28. Rf1 Re8 29.
Qg3 Qh6 30. Rf4 Kg8 31. h3 Kf7 32. Rh4 Qc1+ 33. Kh2 Ke6 34. Qb3+ Kd7 35. Qb5+ c6 36. Rh7+ Ke6 37. Qb3+ 1-0

[Event "*** Titled Tuesday Blitz"]
[Site "Chess.com"]
[Date "2020.10.20"]
[Round "9"]
[White "aisha_zakirova"]
[Black "ChronicUnhappiness"]
[Result "1-0"]
[WhiteElo "2171"]
[BlackElo "2250"]
[TimeControl "180+1"]
[EndTime "11:47:37 PDT"]
[Termination "aisha_zakirova won on time"]

1. d4 Nf6 2. c4 e6 3. Nf3 c5 4. d5 exd5 5. cxd5 d6 6. Nc3 g6 7. e4 Bg7 8. h3 O-O 9. Bd3 Nbd7 10.
O-O a6 11. a4 Re8 12. Re1 Ne5 13. Nxe5 Rxe5 14. Bf4 Nh5 15. Bh2 Qh4 16. Ne2 Bxh3 17. gxh3 Rg5+ 18. Ng3 Nxg3 19. Bxg3 Rxg3+ 20. fxg3 Qxg3+ 21.
Kf1 Bd4 22. Qc2 Re8 23. Ke2 f5 24. Ra3 fxe4 25. Bxe4 Qg2+ 26. Kd1 Qg5 27. Qg2 Qe5 28. Re2 Rf8 29. Bxg6 Qf6 30. Bf5+ Kh8 31. Rf3 Bxb2 32. Bd3 1-0

[Event "*** Titled Tuesday Blitz"]
[Site "Chess.com"]
[Date "2020.10.20"]
[Round "9"]
[White "Ermito2020"]
[Black "BigAl"]
[Result "0-1"]
[WhiteElo "2630"]
[BlackElo "2491"]
[TimeControl "180+1"]
[EndTime "11:47:40 PDT"]
[Termination "BigAl won on time"]

1. e4 c6 2. d4 d5 3. e5 Bf5 4. Nf3 e6 5. Be2 Ne7 6. O-O Ng6 7. Be3 Nd7 8. Nbd2 f6 9. c4 fxe5 10. dxe5 Bc5 11. Bxc5 Nxc5 12. Nd4 Nxe5 13. Nxf5 exf5 14. Bh5+ g6 15. Re1 Nd3 16. Qe2 O-O 17. Rf1 Qg5 18.
Bf3 Rae8 19. cxd5 Nf4 20. Qd1 Ned3 21. h4 Qxh4 22. dxc6 Qg5 23. cxb7 Nh3+ 24. Kh2 Nhxf2 25. Qb3+ Kg7 26. Qc3+ Kh6 27. Kg1 Qe3 28. Kh2 f4 29. a4 Rf5 30. a5 Ree5 31. Qxe5 Qxe5 32. Nc4 Rh5+ 33. Bxh5 Qxh5+ 0-1

[Event "*** Titled Tuesday Blitz"]
[Site "Chess.com"]
[Date "2020.10.20"]
[Round "9"]
[White "grunbergmihai"]
[Black "MarkkuH"]
[Result "1/2-1/2"]
[WhiteElo "2503"]
[BlackElo "2386"]
[TimeControl "180+1"]
[EndTime "11:47:40 PDT"]
[Termination "Game drawn by agreement"]

1. Nf3 Nf6 2. g3 g6 3. Bg2 Bg7 4. O-O O-O 5. c4 d6 6. d4 Nc6 7. Nc3 Bf5 8. Re1 Ne4 9. Nxe4 Bxe4 10. e3 Nb4 11. Nh4 Bxg2 12. Nxg2 c5 13. d5 e5 14. dxe6 fxe6 15. Qb3 Qe7 16. a3 Nc6 17. f4 Kh8 18. Bd2 Rad8 19. Bc3 Bxc3 20. Qxc3+ Qg7 21. Rac1 Qxc3 22.
Rxc3 Kg7 23. Rd1 Rf7 24. Rcd3 Rfd7 25. Nh4 Kf6 26. Nf3 d5 27. Kf2 h6 28. g4 Ke7 29.
cxd5 exd5 30. h4 b5 31. g5 h5 32. e4 dxe4 33. Rxd7+ Rxd7 34. Rxd7+ Kxd7 35. Nd2 Ke6 36. Nxe4 Kd5 37. Ke3 c4 38. f5 gxf5 39. Nf6+ Ke5 40. Nxh5 Ne7 41. Nf4 a5 42. g6 Kf6 43. h5 b4 44.
axb4 axb4 45. Kd4 c3 46. bxc3 bxc3 47. Kxc3 Kg5 48. g7 Ng8 1/2-1/2

[Event "*** Titled Tuesday Blitz"]
[Site "Chess.com"]
[Date "2020.10.20"]
[Round "9"]
[White "OsorioFernando"]
[Black "Zmof"]
[Result "1-0"]
[WhiteElo "2271"]
[BlackElo "2158"]
[TimeControl "180+1"]
[EndTime "11:47:41 PDT"]
[Termination "OsorioFernando won by resignation"]

1. e4 c6 2. d4 d5 3. e5 Bf5 4. Be3 e6 5. Nd2 Nd7 6. Nb3 h6 7.
Nf3 Ne7 8. Be2 Nc8 9. O-O Be7 10. a3 O-O 11. Nbd2 b6 12. c3 c5 13. b4 a5 14.
Qb3 Qc7 15. Rfc1 Na7 16. b5 Rfc8 17. a4 Qd8 18. c4 cxd4 19. Nxd4 Nc5 20. Qa2 Bg6 21.
Bf3 Ne4 22. Nxe4 dxe4 23. Be2 Bc5 24. Rd1 Qe7 25. Nc2 Rd8 26. Qb3 Rac8 27. g3 Rc7 28.
Bxc5 Rxc5 29. Rxd8+ Qxd8 30. Rd1 Qe7 31. Qe3 Nc8 32. Qd4 Rc7 33. Ne3 Qc5 34. h4 h5 35.
Qd8+ Kh7 36. Qg5 Ne7 37. Bxh5 f6 38. Bxg6+ Nxg6 39. Qh5+ Kg8 40. Qxg6 Rc8 41. Rd7 1-0

[Event "*** Titled Tuesday Blitz"]
[Site "Chess.com"]
[Date "2020.10.20"]
[Round "9"]
[White "Klavdia_Nik"]
[Black "HrvojeZagreb"]
[Result "0-1"]
[WhiteElo "2071"]
[BlackElo "2202"]
[TimeControl "180+1"]
[EndTime "11:47:41 PDT"]
[Termination "HrvojeZagreb won on time"]

1. Nf3 f5 2. g3 Nf6 3. Bg2 d6 4. d4 e6 5. c4 Be7 6. Nc3 Ne4 7. Nd2 Nxc3 8. bxc3 e5 9. e4 O-O 10. O-O f4 11. f3 Nc6 12. Nb3 a5 13. a4 b6 14.
Ba3 Ba6 15. Qd3 Qe8 16. Rfd1 Qf7 17. Nd2 fxg3 18. hxg3 Qg6 19. Nf1 Bf6 20. d5 Nd8 21.
Bc1 Nf7 22. Be3 Bg5 23. Bf2 Bh6 24. Ne3 Bxe3 25. Qxe3 Bxc4 26. Bh3 Ng5 27. Bf5 Rxf5 28. exf5 Qxf5 29. f4 exf4 30. gxf4 Nh3+ 31. Kh2 Nxf4 32. Qg3 Bxd5 33. Bd4 Qh5+ 34. Kg1 Ne2+ 0-1

[Event "*** Titled Tuesday Blitz"]
[Site "Chess.com"]
[Date "2020.10.20"]
[Round "9"]
[White "Gabrielian_Artur"]
[Black "GOGIEFF"]
[Result "1-0"]
[WhiteElo "2813"]
[BlackElo "2877"]
[TimeControl "180+1"]
[EndTime "11:47:42 PDT"]
[Termination "Gabrielian_Artur won by resignation"]

1. e4 c5 2. Nc3 d6 3. d4 cxd4 4. Qxd4 Nc6 5. Qd2 g6 6. b3 Bh6 7. f4 e5 8. g3 Nf6 9. Bb2 exf4 10. O-O-O O-O 11. Kb1 Nh5 12. Be2 fxg3 13. Qxh6 g2 14.
Nf3 gxh1=Q 15. Rxh1 f6 16. Rg1 Ng7 17. Nd5 Ne5 18.
h4 Be6 19. h5 Bxd5 20. hxg6 Nxg6 21. Ng5 Rf7 22. Qxh7+ Kf8 23. Nxf7 Bxf7 24. Bc4 Qe7 25. Bxf7 Qxf7 26. Rxg6 Ne8 27. Qh6+ Ke7 28. Bxf6+ Kd7 29.
Bc3 Rc8 30. Kb2 Kc7 31. Rg3 Kb8 32. Rd3 Qe7 33. Qe3 a6 34. a4 Rc6 35. e5 dxe5 36.
Bxe5+ Nc7 37. Qd4 Qc5 38. Qd8+ Ka7 39. Bd4 1-0

[Event "*** Titled Tuesday Blitz"]
[Site "Chess.com"]
[Date "2020.10.20"]
[Round "9"]
[White "ViditYT"]
[Black "NikolaGry"]
[Result "1-0"]
[WhiteElo "2916"]
[BlackElo "2707"]
[TimeControl "180+1"]
[EndTime "11:47:42 PDT"]
[Termination "ViditYT won by resignation"]

1. d4 d5 2. c4 Nc6 3. Nf3 Bg4 4.
Nc3 e6 5. cxd5 exd5 6. Bg5 Be7 7.
Bxe7 Ngxe7 8. e3 O-O 9. Be2 f5 10. O-O f4 11. Qb3 fxe3 12. fxe3 Qd7 13. h3 Bh5 14.
Rf2 Rf6 15. Ne4 Rg6 16. Nh4 Bxe2 17. Nxg6 Nxg6 18. Nc5 Qd8 19. Rxe2 b6 20. Nd3 Nce7 21.
Rc1 h6 22. Rf2 Kh7 23. Nf4 Qd6 24. Qc2 Rc8 25. h4 Kh8 26. Nxg6+ Nxg6 27. Qc6 Qg3 28. Qe6 Rg8 29. Rf3 Qd6 30. Qxd6 cxd6 31. h5 Ne7 32.
Rc7 Re8 33. Rf7 Ng8 34. Rxg7 Nf6 35. Rg6 Ne4 36. Rxh6+ Kg8 37. Rg6+ Kh8 38. h6 Rf8 39. h7 1-0